 Dungeon Crawl Stone Soup version 0.27-a0-223-ge082b6e869 (webtiles) character file.

Game seed: 9460422212382491888

106 sanka the Ducker (level 4, -3/23 HPs)
             Began as a Spriggan Abyssal Knight on Feb 1, 2021.
             Was a Believer of Lugonu.
             Slain by a worker ant (4 damage)
             ... on level 4 of the Dungeon.
             The game lasted 00:03:34 (3128 turns).

sanka the Ducker (Spriggan Abyssal Knight)          Turns: 3128, Time: 00:03:35

Health: -3/23      AC:  2    Str:  8    XL:     4   Next: 55%
Magic:  6/6        EV: 22    Int: 13    God:    Lugonu [**....]
Gold:   222        SH:  0    Dex: 16    Spells: 3/3 levels left

rFire    . . .     SeeInvis +   a - +1 short sword
rCold    . . .     Faith    .   (shield restricted)
rNeg     . . .     Spirit   .   b - +0 robe
rPois    .         Reflect  .   (helmet restricted)
rElec    .         Harm     .   (no cloak)
rCorr    .         Rampage  .   (gloves unavailable)
Will     .....     Rnd*Tele +   (boots unavailable)
Stlth    +.........             (no amulet)
HPRegen  0.07/turn              (no ring)
MPRegen  0.10/turn              g - ring of teleportation (curse)

@: very quick
A: very small, unfitting armour, see invisible, speed 3
a: Renounce Religion, Depart the Abyss, Bend Space


You were on level 4 of the Dungeon.
You worshipped Lugonu.
Lugonu was pleased with you.
You visited 1 branch of the dungeon, and saw 4 of its levels.
You visited the Abyss 1 time.

You collected 222 gold pieces.


Innate Abilities, Weirdness & Mutations

You are very small and have problems with some larger weapons.
You are too small for most types of armour.
You have supernaturally acute eyesight. (SInv)
You cover ground extremely quickly.


   Skills:
 - Level 2.4 Fighting
 - Level 2.1 Short Blades
 * Level 7.1 Dodging
 + Level 2.1 Invocations


You had 3 spell levels left.
You didn't know any spells.
Your spell library was empty.

Inventory:

Hand Weapons
 a - a +1 short sword (weapon)
Armour
 b - a +0 robe (worn)
Jewellery
 g - a cursed ring of teleportation (right hand)
Scrolls
 e - a scroll of amnesia {unknown}
 h - a scroll of fog {unknown}
 j - 2 scrolls of teleportation {unknown}
 k - a scroll of remove curse {unknown}
 l - 2 scrolls of enchant weapon {unknown}
 m - 5 scrolls of identify {unknown}
Potions
 c - 2 potions of heal wounds {unknown}
 d - 2 potions of haste {unknown}
 f - a potion of flight {unknown}
 i - a potion of curing {unknown}
 n - a potion of mutation {unknown}

Dungeon Overview and Level Annotations

Branches:
Dungeon (4/15)
 Temple: D:4-7

Altars:
Makhleb
Ru
Sif Muna
The Shining One

....▒ ....▒ ....▒
....▒ ....▒ ..
....▒▒▒
....▒▒▒▒B.....▒
▒▒.....i▒
....▒▒▒.▒▒▒▒▒..<..
..................
....▒▒▒.▒▒▒▒▒.....
▒▒▒.....▒▒▒▒▒.....
▒.▒▒...........
▒...........+
▒▒▒.........▒
▒...........▒


You could see a worker ant.


Message History

The worker ant closely misses you.
You hit the worker ant.
The worker ant is moderately wounded.
The worker ant closely misses you.
You hit the worker ant but do no damage.
The worker ant is moderately wounded.
The worker ant barely misses you. The worker ant completely misses you.
You hit the worker ant but do no damage.
The worker ant is moderately wounded.
The worker ant completely misses you.
You closely miss the worker ant.
The worker ant is moderately wounded.
The worker ant misses you.
You closely miss the worker ant.
The worker ant is moderately wounded.
The worker ant bites you.
You hit the worker ant but do no damage.
The worker ant is moderately wounded.
The worker ant bites you!
You closely miss the worker ant.
The worker ant is moderately wounded.
The worker ant bites you!
* * * LOW HITPOINT WARNING * * *
The worker ant bites you.
* * * LOW HITPOINT WARNING * * *
You completely miss the worker ant.
The worker ant is moderately wounded.
The worker ant bites you.
You die...

Action                   |  1- 3 |  4- 6 || total
-------------------------+-------+-------++-------
Melee: Short sword       |   131 |    98 ||   229
 Stab: Sleeping          |     1 |       ||     1
Armor: Robe              |     5 |     3 ||     8
Dodge: Dodged            |   108 |    88 ||   196

Levels and vault maps discovered:
D:1:      dpeg_arrival_rooms_a, layout_basic
D:2:      layout_rooms, lemuel_coloured_pillars_altar,
          nicolae_ru_sacrificial_ziggurat, makhleb_grotto_becter, serial_glass,
          glass_columns_b, glass_columns_a, glass_columns_c, glass_columns_a,
          glass_columns_a, glass_columns_a
D:3:      layout_basic, nicolae_tso_swordbearing_angel,
          chequers_ecumenical_altar_simple
D:4:      layout_basic, lemuel_round_altar

Notes
Turn   | Place    | Note
-------+----------+-------------------------------------------
     0 | Abyss:1  | sanka the Spriggan Abyssal Knight began the quest for the
                  | Orb.
     0 | Abyss:1  | Reached XP level 1. HP: 11/11 MP: 3/3
    30 | Abyss:1  | Found a corrupted altar of Lugonu.
    42 | D:1      | Escaped the Abyss
   398 | D:1      | Reached skill level 4 in Dodging
   498 | D:1      | Reached XP level 2. HP: 16/16 MP: 4/4
   794 | D:1      | Reached skill level 5 in Dodging
  1371 | D:2      | Reached XP level 3. HP: 19/19 MP: 5/5
  1534 | D:2      | Found a burning altar of Makhleb.
  1581 | D:2      | Reached skill level 6 in Dodging
  1677 | D:2      | Found a sacrificial altar of Ru.
  1727 | D:2      | Reached ** piety under Lugonu
  1728 | D:2      | Reached XP level 4. HP: 21/23 MP: 6/6
  1888 | D:2      | Found a shimmering blue altar of Sif Muna.
  2210 | D:3      | Found a glowing golden altar of the Shining One.
  2394 | D:3      | Reached skill level 7 in Dodging
  2394 | D:3      | Reached skill level 2 in Invocations
  2534 | D:3      | Found a faded altar of an unknown god.
  3127 | D:4      | HP: 1/23 [worker ant (5)]
  3128 | D:4      | Slain by a worker ant

Vanquished Creatures
  A crimson imp (D:2)
  2 adders
  An ooze (D:1)
  A worm (D:3)
  A dart slug (D:1)
  2 leopard geckos (D:1)
  An orc (D:3)
  2 bats
  3 giant cockroaches
  3 goblins
  4 hobgoblins
  6 jackals
  2 kobolds (D:1)
  3 quokkas
  A ball python (D:3)
  3 frilled lizards
  3 rats
39 creatures vanquished.
